Map: Shadowed Jungle

Players

Night - Winner!

  • Race: Zerg Zerg
  • Spawn Location: 11:00

cashmeoutsi - Winner!

  • Race: Terran Terran
  • League: Master
  • Spawn Location: 1:00

KingKong

  • Race: Zerg Zerg
  • Spawn Location: 7:00

bLaCkMambA

  • Race: Zerg Zerg
  • Spawn Location: 5:00

VOD

Have the link to the VOD?

Description

Time

  • Played on: April 2, 2017, 3:27 a.m.
  • Length: 4:56
Show
View Real Time Build Order
Export as new Build Order

Night Zerg - Winner!

Build Orders: Hatch First 

Get SALT Encoding   

  12  0:01  Drone  
  13  0:12  Overlord  
  13  0:17  Drone  
  14  0:31  Drone x2  
  16  0:39  Drone  
  17  0:54  Hatchery  
  17  0:57  Drone  
  17  1:00  Drone  
  18  1:06  Extractor  
  17  1:17  Spawning Pool  
  16  1:18  Drone  
  16  1:24  Drone  
  18  1:30  Drone  
  19  1:48  Overlord  
  19  2:05  Zergling x2, Queen  
  19  2:06  Zergling x4  
  24  2:09  Metabolic Boost  
  24  2:11  Queen  
  24  2:14  Zergling x2  
  27  2:19  Zergling x2  
  28  2:25  Spine Crawler  
  27  2:31  Zergling x4  
  29  2:43  Overlord  
  29  2:47  Queen  
  31  2:57  Overlord  
  31  3:07  Zergling x8  
  32  3:15  Zergling x6  
  31  3:20  Zergling x4  
  34  3:27  Zergling x4  
  34  3:33  Zergling x2  
  34  3:34  Zergling x2  
  37  3:40  Zergling x2  
  37  3:41  Zergling x2  
  38  3:47  Zergling x4  
  40  3:56  Zergling x8  
  40  4:02  Overlord  
  44  4:07  Overlord  
  43  4:13  Drone x2  
  42  4:22  Drone x3  
  44  4:31  Zergling x6  
Show
View Real Time Build Order
Export as new Build Order

cashmeoutsi Terran - Winner!

Build Orders: 1/1/1 

Get SALT Encoding   

  12  0:00  SCV  
  13  0:13  SCV  
  14  0:18  Supply Depot  
  14  0:25  SCV  
  15  0:29  Refinery  
  15  0:40  SCV  
  16  0:46  Barracks  
  16  0:52  SCV  
  16  0:56  Refinery  
  17  1:04  SCV  
  18  1:16  SCV  
  19  1:34  Factory, Orbital Command  
  19  1:38  Barracks Reactor  
  19  1:49  Supply Depot  
  19  2:00  SCV  
  20  2:12  SCV  
  20  2:14  Marine x2  
  23  2:19  Starport  
  23  2:21  Hellion  
  25  2:24  SCV  
  26  2:33  Supply Depot  
  26  2:37  SCV  
  27  2:45  Supply Depot  
  27  2:49  Barracks Tech Lab  
  27  2:52  Hellion  
  29  2:59  Hellion  
  31  3:12  Banshee  
  32  3:33  Cyclone  
  24  3:42  SCV  
  25  3:49  Hellion  
  27  3:56  Barracks Tech Lab  
  27  4:00  SCV  
  27  4:01  Medivac  
  30  4:10  Supply Depot  
  30  4:12  SCV  
  31  4:32  SCV, Supply Depot  
  32  4:44  SCV  
Show
View Real Time Build Order
Export as new Build Order

KingKong Zerg 

Build Orders: Pool First 

Get SALT Encoding   

  12  0:00  Drone  
  13  0:09  Drone  
  13  0:14  Extractor  
  13  0:16  Drone  
  14  0:34  Spawning Pool  
  13  0:38  Drone  
  14  0:45  Extractor  
  14  0:46  Drone  
  15  0:55  Overlord  
  15  1:21  Zergling x6, Metabolic Boost  
  18  1:28  Queen  
  18  1:32  Zergling x2  
  21  1:44  Zergling x2  
  22  1:54  Overlord  
  22  2:07  Hatchery  
  21  2:13  Zergling x2  
  22  2:22  Zergling x2  
  23  2:27  Overlord  
  23  2:37  Zergling x6  
  24  2:43  Zergling x2  
  27  2:49  Overlord  
  27  2:57  Queen  
  29  3:01  Zergling x2  
  30  3:12  Zergling x6  
  32  3:19  Zergling x2  
  31  3:21  Zergling x2  
  32  3:31  Zergling x2  
  32  3:32  Zergling x2  
  27  3:41  Zergling x8  
  27  3:43  Zergling x2  
  30  3:51  Zergling x2  
  30  3:55  Drone  
  31  4:02  Drone  
  32  4:03  Zergling x2  
  33  4:14  Drone x2  
  34  4:17  Drone, Zergling x2  
  34  4:19  Zergling x2  
  34  4:20  Zergling x2  
  34  4:23  Zergling x2  
  38  4:27  Zergling x2  
  36  4:32  Spore Crawler  
Show
View Real Time Build Order
Export as new Build Order

bLaCkMambA Zerg 

Build Orders: Pool First, Ravager All-In 

Get SALT Encoding   

  12  0:00  Drone  
  13  0:08  Drone  
  14  0:26  Spawning Pool  
  13  0:30  Drone  
  14  0:38  Overlord  
  14  0:46  Drone, Extractor  
  14  0:52  Drone, Extractor  
  14  0:57  Drone  
  14  1:03  Drone  
  16  1:14  Roach Warren  
  16  1:16  Drone  
  16  1:28  Overlord  
  16  1:53  Roach  
  16  1:54  Roach  
  20  1:56  Roach  
  22  2:07  Roach  
  24  2:13  Ravager x2  
  26  2:15  Ravager  
  26  2:18  Overlord  
  27  2:28  Ravager  
  28  2:43  Roach x2  
  32  2:53  Overlord  
  32  3:17  Ravager  
  32  3:18  Ravager  
  31  3:47  Roach x3  
  28  3:58  Hatchery  
  28  4:01  Spore Crawler  
  26  4:07  Ravager x3  
  29  4:18  Drone x2  
  27  4:40  Drone x2  
  27  4:41  Drone  
Tags
 
Add a new tag
Caveats
  • Supply blocks, unpowered buildings, or Contaminate may cause inaccurate times.
  • Supply counts are checked every 10 seconds.